 Dungeon Crawl Stone Soup version 0.22.1-1-ga44c0e5 (webtiles) character file.

202256 dvd the Bludgeoner (level 17, -1/175 HPs)
             Began as a Troll Berserker on Sept 30, 2018.
             Was a High Priest of Trog.
             Shot with an arrow by a centaur warrior (8 damage)
             ... on level 1 of the Vaults.
             The game lasted 01:47:07 (28264 turns).

dvd the Bludgeoner (Troll Berserker)               Turns: 28264, Time: 01:47:09

Health: -1/175     AC: 21    Str: 29    XL:     17   Next: 94%
Magic:  17/17      EV: 14    Int:  8    God:    Trog [*****.]
Gold:   510        SH: 18    Dex: 17    Spells: 16/16 levels left

rFire    + . .     SeeInvis .   y - +5 war axe "Grim" {venom, rElec rN++}
rCold    x . .     Gourm    +   H - +5 shield {reflect}
rNeg     + + .     Faith    .   Q - +0 fire dragon scales
rPois    .         Spirit   .   E - +2 hat
rElec    +         Reflect  +   v - +0 cloak
rCorr    .         Harm     .   (gloves unavailable)
MR       +++..                  (boots unavailable)
Stlth    +.........             r - amulet of regeneration
HPRegen  2.19/turn              b - ring "Tiaveuxa" {+Fly rF- Int+4 Dex+4 Slay+6}
MPRegen  0.15/turn              T - +5 ring of protection

@: regenerating
A: large, unfitting armour, claws 3, fast metabolism 3, gourmand, regeneration
1, shaggy fur 1, tough skin 2
}: 1/15 runes: serpentine
a: Berserk, Trog's Hand, Brothers in Arms, Renounce Religion, Evoke Flight


You were on level 1 of the Vaults.
You worshipped Trog.
Trog was extremely pleased with you.
You were very full.

You visited 5 branches of the dungeon, and saw 28 of its levels.
You also visited: Ice Cave.

You collected 3121 gold pieces.
You spent 2611 gold pieces at shops.

Inventory:

Hand Weapons
 a - a +6 eveningstar of protection
 d - the +10 hunting sling "Jellybane" {venom, rElec rPois Str+6 Dex-4}
   (You found it on level 11 of the Dungeon)

   It poisons the ammo it fires.
   It affects your strength (+6).
   It affects your dexterity (-4).
   It insulates you from electricity.
   It protects you from poison.
 x - a +4 broad axe of chopping
 y - the +5 war axe "Grim" (weapon) {venom, rElec rN++}
   (You bought it in a shop on level 1 of the Snake Pit)

   It poisons the flesh of those it strikes.
   It insulates you from electricity.
   It greatly protects you from negative energy.
Missiles
 o - 4 silver javelins
 u - 28 large rocks (quivered)
 K - 43 tomahawks
 L - 8 steel javelins
 N - 3 poisoned javelins
 R - 5 javelins of returning
 U - 12 poisoned tomahawks
 Y - 8 silver tomahawks
 Z - 2 javelins of penetration
Armour
 v - a +0 cloak (worn)
 E - a +2 hat (worn)
 H - a +5 shield of reflection (worn)
 P - a +1 troll leather armour {Snorg}
 Q - +0 fire dragon scales (worn)
 W - +0 acid dragon scales
Jewellery
 b - the ring "Tiaveuxa" (left claw) {+Fly rF- Int+4 Dex+4 Slay+6}
   (You bought it in a shop on level 3 of the Snake Pit)

   [ring of flight]

   It affects your intelligence (+4).
   It affects your dexterity (+4).
   It affects your accuracy and damage with ranged weapons and melee attacks
   (+6).
   It makes you vulnerable to fire.
   It lets you fly.
 r - an amulet of regeneration (around neck)
 t - a +5 ring of dexterity
 I - an uncursed ring of poison resistance
 T - a +5 ring of protection (right claw)
Wands
 q - a wand of flame (49)
 s - a wand of acid (17)
 z - a wand of digging (11)
 D - a wand of iceblast (4)
 F - a wand of scattershot (25)
 M - a wand of disintegration (19)
 V - a wand of paralysis (31)
 X - a wand of enslavement (9)
Scrolls
 f - 2 scrolls of blinking
 g - 2 scrolls of fog
 j - 15 scrolls of identify
 l - 16 scrolls of remove curse
 w - a scroll of summoning
 G - 12 scrolls of teleportation
 O - 2 scrolls of magic mapping
 S - a scroll of enchant armour
Potions
 e - 3 potions of mutation
 h - 3 potions of flight
 i - 5 potions of curing
 k - 3 potions of magic
 m - a potion of ambrosia
 p - a potion of cancellation
 A - 7 potions of agility
 B - 3 potions of might
 J - a potion of haste
Comestibles
 c - 48 rations
 C - 3 chunks of flesh


   Skills:
 + Level 12.4 Fighting
 + Level 7.3(12.2) Axes
 + Level 16.3(16.9) Maces & Flails
 + Level 10.2 Throwing
 * Level 5.7 Armour
 + Level 10.3 Dodging
 + Level 2.8 Stealth
 + Level 11.3 Shields
 + Level 1.4 Evocations


You had 16 spell levels left.
You didn't know any spells.
Your spell library was empty.

Dungeon Overview and Level Annotations

Branches:
Dungeon (15/15)            Temple (0/1) D:4            Lair (6/6) D:10
  Swamp (0/4) Lair:4        Snake (4/4) Lair:2        Slime (0/5) Lair:5
    Orc (2/2) D:12            Elf (0/3) Orc:2        Vaults (1/5) D:14
 Depths (0/5) D:15

Altars:
Ashenzari
Elyvilon
Fedhas
Kikubaaqudgha
Qazlal
Uskayaw
Vehumet
Wu Jian
Xom
Beogh
Jiyva

Shops:
D:12 ([   D:13 !   D:14 (   Orc:2 %[[(   Snake:1 (::}[   Snake:3 }==


Innate Abilities, Weirdness & Mutations

You are too large for most types of armour.
You have claws for hands.
Your metabolism is lightning-fast.
You like to eat raw meat.
Your natural rate of healing is unusually fast.
You are covered in fur. (AC +1)
You have very tough skin. (AC +2)


Message History

Trog appreciates your killing of a magic user.
The deep troll shaman barely misses you.
You block the deep troll shaman's attack.
The deep troll shaman misses you.
You block the centaur warrior's attack. x2
Your troll goes berserk!
You feel quite a bit less full.
You block the deep troll shaman's attack.
The deep troll shaman claws you but does no damage.
The deep troll shaman claws you!
* * * LOW HITPOINT WARNING * * *
The centaur warrior hits you!
* * * LOW HITPOINT WARNING * * *
You block the two-headed ogre's attack. The two-headed ogre closely misses you.
You swap places.
The deep troll shaman bites you.
* * * LOW HITPOINT WARNING * * *
You block the deep troll shaman's attack. x2
The centaur warrior wields an uncursed longbow.
The centaur warrior shoots an arrow.
The arrow misses your troll. The arrow hits you!
You die...

##############
#............#
#...)†.......#
#...)........#
#∩.)))...?...#
#+####''####'#
#..#......#..#
#..#......#..#
#@.#......#..#
#TT#......#..#
#Oc#......#..#
#T.#......#..#
#..#......#..#
#..#......#..#
##p###''###'##
#(...........#
#............#


You could see an ironheart preserver, a centaur warrior, a two-headed ogre, 2
deep troll shamans and a friendly troll (berserk).

Vanquished Creatures
  Asterion (Snake:4)
  Gastronok (D:10)
  9 nagarajas
  A vault warden (Vaults:1)
  An ironheart preserver (Vaults:1)
  Snorg (D:10)
  The ghost of ThisFiasco the Severer, a journeyman HOBe of Trog (D:11)
  An ettin (D:11)
  A great orb of eyes (Vaults:1)
  Harold (D:7)
  A yaktaur captain (D:12)
  9 hydras
  2 vault guards (Vaults:1)
  2 centaur warriors
  12 two-headed ogres
  13 naga warriors
  7 anacondas
  A catoblepas (Lair:6)
  2 ogre magi
  8 death yaks
  Urug (Lair:2)
  18 naga sharpshooters
  7 shock serpents
  2 skeletal warriors (D:15)
  A deep elf knight (D:14)
  Nergalle (Lair:4)
  A salamander mystic (Snake:3)
  15 sea snakes (Snake:4)
  12 naga ritualists
  A wizard (D:10)
  A flayed ghost (D:15)
  A lindwurm (shapeshifter) (D:15)
  Pikel (D:7)
  3 orc knights
  3 unseen horrors
  A necromancer (D:15)
  2 deep elf magi
  16 ugly things
  9 mana vipers
  8 salamanders
  2 manticores
  3 cyclopes
  8 elephants
  3 centaur zombies
  3 guardian serpents
  46 black mambas
  Maurice (D:8)
  A vault sentinel (Vaults:1)
  20 naga magi
  An ice statue (IceCv)
  3 torpor snails
  2 gargoyles
  10 spiny frogs
  An efreet (D:11)
  A rime drake (Lair:5)
  2 kobold demonologists (D:15)
  2 komodo dragons
  A yaktaur (D:14)
  2 ice devils (Orc:2)
  13 polar bears (IceCv)
  11 trolls
  A spriggan zombie (D:15)
  3 hornets
  An ice dragon zombie (D:15)
  3 blink frogs (Lair:6)
  6 dream sheep (Lair:6)
  11 hippogriffs
  A shadow (D:12)
  A spriggan skeleton (D:15)
  43 yaks
  A human (shapeshifter) (D:15)
  A spriggan (D:7)
  3 wyverns
  A basilisk (Lair:5)
  A steam dragon (D:12)
  A hungry ghost (D:12)
  31 nagas
  7 vampire mosquitoes
  4 wargs
  28 water moccasins
  3 acid dragons
  A black bear (D:9)
  13 porcupines
  30 orc warriors
  2 ice beasts
  A hornet zombie (D:12)
  3 phantoms
  4 sky beasts
  An eye of draining (D:15)
  9 centaurs
  7 boggarts (D:14)
  28 wolves
  17 ogres
  14 crocodiles
  4 big kobolds
  A yaktaur zombie (D:15)
  13 bullfrogs
  A gnoll sergeant (Orc:2)
  A wyvern zombie (D:14)
  A water moccasin skeleton (D:8)
  A wyvern skeleton (D:9)
  7 scorpions
  6 killer bees
  7 wights
  5 howler monkeys
  3 electric eels
  7 crimson imps
  2 bullfrog zombies
  6 lava snakes (Snake:4)
  4 jellies
  7 hounds
  A gnoll shaman (D:5)
  28 orc priests
  4 bullfrog skeletons
  30 orc wizards
  4 centaur skeletons
  An iguana (D:14)
  13 worker ants
  A statue (D:8)
  A killer bee zombie (D:7)
  2 hound zombies
  6 hound skeletons
  A worker ant zombie (D:3)
  A howler monkey skeleton (D:10)
  14 adders
  12 gnolls
  6 shadow imps
  An ooze (D:7)
  2 worms
  3 dart slugs
  4 leopard geckos
  98 orcs
  9 giant cockroaches
  14 goblins
  9 hobgoblins
  4 jackals (D:1)
  7 quokkas
  3 ball pythons
  A ball python zombie (D:3)
  11 bats
  7 frilled lizards
  15 kobolds
  A quokka skeleton (D:3)
  A quokka zombie (D:3)
  9 rats
996 creatures vanquished.

Vanquished Creatures (collateral kills)
  A nagaraja (Snake:2)
  A frost giant (IceCv)
  An orc warlord (Orc:2)
  A hydra (Lair:6)
  An anaconda (Snake:3)
  A shock serpent (Snake:3)
  2 mana vipers (Snake:3)
  A wolf spider (Lair:6)
  2 deep elf magi (D:14)
  A salamander (Snake:4)
  3 black mambas
  A naga mage (Snake:4)
  2 spiny frogs (Lair:6)
  A yaktaur (D:14)
  2 trolls (Orc:2)
  2 hornets (Lair:6)
  3 polar bears (IceCv)
  2 wargs (Orc:2)
  A naga (Snake:4)
  2 water moccasins (Lair:6)
  2 orc warriors (Orc:2)
  A bullfrog (D:6)
  3 orc priests
  2 orc wizards
  7 orcs (Orc:2)
46 creatures vanquished.

Vanquished Creatures (others)
  Vashnia (Snake:2)
  A two-headed ogre (D:11)
  2 naga sharpshooters
  An unseen horror (D:13)
  A cyclops (D:15)
  A yaktaur (D:14)
  A redback (Lair:6)
  4 slaves (D:7)
  A wolf (IceCv)
  2 centaurs
  6 fungi (Lair:6)
  9 plants
  3 withered plants (D:15)
33 creatures vanquished.

Grand Total: 1075 creatures vanquished

Notes
Turn   | Place    | Note
-------+----------+-------------------------------------------
     0 | D:1      | dvd the Troll Berserker began the quest for the Orb.
     0 | D:1      | Reached XP level 1. HP: 22/22 MP: 0/0
   263 | D:1      | Reached XP level 2. HP: 29/29 MP: 1/1
   330 | D:1      | Reached skill level 3 in Maces & Flails
   641 | D:1      | Reached ** piety under Trog
   758 | D:1      | Reached XP level 3. HP: 36/36 MP: 2/2
  1180 | D:2      | Reached XP level 4. HP: 44/44 MP: 3/3
  1389 | D:2      | Found a shattered altar of Ashenzari.
  1699 | D:3      | Reached *** piety under Trog
  1801 | D:3      | Reached skill level 4 in Maces & Flails
  1879 | D:3      | Reached XP level 5. HP: 53/53 MP: 4/4
  2066 | D:3      | Found a stormy altar of Qazlal.
  2455 | D:4      | Reached skill level 5 in Maces & Flails
  2455 | D:4      | Reached XP level 6. HP: 27/61 MP: 5/5
  2464 | D:4      | HP: 4/91 [orc wizard/magic dart (12)]
  2627 | D:4      | Found a staircase to the Ecumenical Temple.
  3096 | D:5      | Entered Level 5 of the Dungeon
  3104 | D:5      | Got a twisted great sword
  3109 | D:5      | Lost intelligence.
  3109 | D:5      | Identified the +8 great sword "Semouse" {vamp, rF+ MR+
                  | Int-3} (You found it on level 5 of the Dungeon)
  3331 | D:5      | Reached XP level 7. HP: 67/67 MP: 6/6
  3335 | D:5      | Reached skill level 6 in Maces & Flails
  3821 | D:6      | Found a shimmering altar of Xom.
  3903 | D:6      | Reached XP level 8. HP: 78/78 MP: 7/7
  3963 | D:6      | Reached skill level 7 in Maces & Flails
  4655 | D:7      | Noticed a hippogriff
  4655 | D:7      | Noticed Pikel
  4666 | D:7      | Killed Pikel
  4666 | D:7      | Reached skill level 8 in Maces & Flails
  4666 | D:7      | Reached skill level 5 in Dodging
  4666 | D:7      | Reached skill level 1 in Stealth
  4677 | D:7      | Reached skill level 5 in Fighting
  4683 | D:7      | Killed a hippogriff
  4683 | D:7      | Reached XP level 9. HP: 31/88 MP: 8/8
  5196 | D:7      | Reached skill level 1 in Axes
  5335 | D:7      | Noticed Harold
  5347 | D:7      | Reached skill level 9 in Maces & Flails
  5350 | D:7      | Killed Harold
  5792 | D:8      | Reached XP level 10. HP: 53/98 MP: 9/9
  5797 | D:8      | Reached **** piety under Trog
  5882 | D:8      | Noticed Maurice
  5889 | D:8      | Killed Maurice
  6100 | D:8      | Found a radiant altar of Vehumet.
  6555 | D:9      | Reached skill level 10 in Maces & Flails
  6736 | D:9      | Found an ornate altar of the Wu Jian Council.
  6761 | D:9      | Found a blossoming altar of Fedhas.
  7001 | D:9      | Found a hide-covered altar of Uskayaw.
  7001 | D:9      | Found a white marble altar of Elyvilon.
  7003 | D:9      | Found an ancient bone altar of Kikubaaqudgha.
  7067 | D:10     | Entered Level 10 of the Dungeon
  7372 | D:10     | Reached skill level 1 in Shields
  7372 | D:10     | Reached XP level 11. HP: 72/110 MP: 10/10
  7388 | D:10     | Found a staircase to the Lair.
  7505 | D:10     | Noticed Snorg
  7515 | D:10     | Killed Snorg
  7515 | D:10     | Reached skill level 1 in Throwing
  7648 | D:10     | Noticed Gastronok
  7664 | D:10     | Killed Gastronok
  7664 | D:10     | Reached skill level 11 in Maces & Flails
  7811 | D:10     | Noticed a wizard
  7816 | D:10     | Killed a wizard
  8016 | D:10     | Received a gift from Trog
  8228 | Lair:1   | Entered Level 1 of the Lair of Beasts
  8996 | Lair:2   | Found a staircase to the Snake Pit.
  9002 | Lair:2   | Reached ***** piety under Trog
  9116 | Lair:2   | Noticed Urug
  9131 | Lair:2   | Killed Urug
  9200 | Lair:2   | Reached skill level 1 in Armour
  9295 | Lair:2   | Reached XP level 12. HP: 122/122 MP: 11/11
  9296 | Lair:2   | Noticed a death yak
  9307 | Lair:2   | Killed a death yak
  9307 | Lair:2   | Received a gift from Trog
  9600 | Lair:2   | Noticed a four-headed hydra
  9607 | Lair:2   | Killed a four-headed hydra
  9639 | Lair:2   | Reached skill level 12 in Maces & Flails
 10220 | Lair:3   | Noticed a death yak
 10221 | Lair:3   | Noticed a death yak
 10227 | Lair:3   | Noticed a death yak
 10875 | Lair:3   | Killed a death yak
 10890 | Lair:3   | Killed a death yak
 10896 | Lair:3   | Killed a death yak
 11196 | Lair:4   | Noticed Nergalle
 11206 | Lair:4   | Killed Nergalle
 11327 | Lair:4   | Found a staircase to the Swamp.
 11385 | Lair:4   | Noticed an eight-headed hydra
 11394 | Lair:4   | Killed an eight-headed hydra
 11421 | Lair:4   | Reached skill level 13 in Maces & Flails
 11429 | Lair:4   | Received a gift from Trog
 11824 | Lair:5   | Reached XP level 13. HP: 131/131 MP: 12/12
 11944 | Lair:5   | Found a staircase to the Slime Pits.
 11945 | Lair:5   | Found a viscous altar of Jiyva.
 12533 | Lair:6   | Entered Level 6 of the Lair of Beasts
 12602 | Lair:6   | Reached skill level 5 in Shields
 12820 | Lair:6   | Reached skill level 5 in Axes
 12941 | Lair:6   | Received a gift from Trog
 13430 | Lair:6   | Received a gift from Trog
 13696 | Lair:6   | Reached XP level 14. HP: 129/141 MP: 13/13
 14107 | D:11     | Noticed ThisFiasco's ghost (journeyman HOBe)
 14270 | D:11     | Got an ancient hunting sling
 14271 | D:11     | Identified the +10 hunting sling "Jellybane" {venom, rElec
                  | rPois Str+6 Dex-4} (You found it on level 11 of the
                  | Dungeon)
 14275 | D:11     | Found a transporter.
 14276 | D:11     | Found a transporter.
 14446 | D:11     | Reached skill level 10 in Fighting
 14446 | D:11     | Reached skill level 14 in Maces & Flails
 15093 | D:11     | Killed ThisFiasco's ghost
 15133 | D:11     | Got a shimmering shortbow
 15167 | D:11     | Identified the +10 shortbow of Scorn {venom, Stlth+} (You
                  | found it on level 11 of the Dungeon)
 15334 | D:12     | Found Qoobb's Weapon Shop.
 15335 | D:12     | Found a staircase to the Orcish Mines.
 15342 | D:12     | Received a gift from Trog
 15347 | D:12     | Found Xist's Armour Shop.
 15639 | D:12     | Got a brightly glowing hand axe
 15640 | D:12     | Identified the +4 hand axe "Mitu" {chop, Fragile Dex+6}
                  | (You found it on level 12 of the Dungeon)
 15687 | D:12     | Reached skill level 5 in Throwing
 16341 | Orc:1    | Entered Level 1 of the Orcish Mines
 16385 | D:12     | Received a gift from Trog
 16472 | Orc:1    | Received a gift from Trog
 16909 | Orc:2    | Entered Level 2 of the Orcish Mines
 16909 | Orc:2    | Found a staircase to the Elven Halls.
 16932 | Orc:2    | Reached ****** piety under Trog
 16936 | Orc:2    | Received a gift from Trog
 17034 | Orc:2    | Found a roughly hewn altar of Beogh.
 17120 | Orc:2    | Found a frozen archway.
 17153 | IceCv    | Entered an ice cave
 17710 | IceCv    | Noticed a frost giant
 17721 | IceCv    | Killed a frost giant
 17771 | IceCv    | Identified the Guide on Protection
 17876 | Orc:2    | Found a roughly hewn altar of Beogh.
 18050 | Orc:2    | Received a gift from Trog
 18160 | Orc:2    | Found a roughly hewn altar of Beogh.
 18168 | Orc:2    | Found Xasu's Armour Shop.
 18519 | Orc:2    | Noticed an orc warlord
 18530 | Orc:2    | Killed an orc warlord
 18571 | Orc:2    | Found Wejac Tots's Antique Armour Emporium.
 18575 | Orc:2    | Found a roughly hewn altar of Beogh.
 18589 | Orc:2    | Found Marph's Antique Weapon Shoppe.
 18670 | Orc:2    | Found a roughly hewn altar of Beogh.
 18679 | Orc:2    | Found Holl's Food Emporium.
 18891 | D:13     | Reached XP level 15. HP: 152/152 MP: 14/14
 18958 | D:13     | Received a gift from Trog
 18968 | D:13     | Got a faintly glowing giant club {god gift}
 18979 | D:13     | Identified the +10 giant club of Psychosis {freeze, +Fly
                  | Dex+2} (Trog gifted it to you on level 13 of the Dungeon)
 19181 | D:13     | Got a crystal rapier
 19182 | D:13     | Lost intelligence.
 19182 | D:13     | Identified the +5 rapier "Keizxoff" {antimagic, Str+5 Int-4
                  | SInv} (You found it on level 13 of the Dungeon)
 19227 | D:13     | Found Vugeoram's Distillery.
 19252 | D:13     | Bought a potion of mutation for 136 gold pieces
 19254 | D:13     | Bought a potion of curing for 51 gold pieces
 19254 | D:13     | Bought a potion of curing for 51 gold pieces
 19254 | D:13     | Bought a potion of might for 68 gold pieces
 19254 | D:13     | Bought a potion of might for 68 gold pieces
 19515 | D:14     | Reached skill level 15 in Maces & Flails
 19758 | D:14     | Received a gift from Trog
 19843 | D:14     | Found Quohyrr's Weapon Emporium.
 19928 | D:14     | Found a gate to the Vaults.
 20079 | D:15     | Entered Level 15 of the Dungeon
 20079 | D:15     | Found a staircase to the Depths.
 21160 | D:15     | Received a gift from Trog
 21455 | Snake:1  | Entered Level 1 of the Snake Pit
 21786 | Snake:1  | Received a gift from Trog
 21865 | Snake:1  | Reached XP level 16. HP: 137/162 MP: 15/15
 22140 | Snake:1  | Found Ollerphex's Gadget Shop.
 22143 | Snake:1  | Found Haocleas's Antique Armour Shop.
 22159 | Snake:1  | Bought an embroidered hat for 266 gold pieces
 22236 | Snake:1  | Received a gift from Trog
 22362 | Snake:1  | Found Wetzar's Antique Weapon Shop.
 22369 | Snake:1  | Bought an iridescent war axe for 178 gold pieces
 22369 | Snake:1  | Identified the +5 war axe "Grim" {venom, rElec rN++} (You
                  | bought it in a shop on level 1 of the Snake Pit)
 22672 | Snake:1  | Found Jenepo Beta's Book Boutique.
 22728 | Snake:1  | Found Nafut's Book Emporium.
 23208 | Snake:2  | Reached skill level 5 in Armour
 23230 | Snake:2  | Noticed Vashnia
 23677 | Snake:2  | Reached skill level 16 in Maces & Flails
 23692 | Snake:2  | Killed Vashnia
 23999 | Snake:2  | Reached skill level 10 in Shields
 24268 | Snake:3  | Received a gift from Trog
 24776 | Snake:3  | Reached skill level 10 in Dodging
 25049 | Snake:3  | Found Yjuon's Gadget Emporium.
 25049 | Snake:3  | Found Qaps's Jewellery Boutique.
 25050 | Snake:3  | Found Nailo Xon's Jewellery Boutique.
 25084 | Snake:3  | Bought the ring "Tiaveuxa" {+Fly rF- Int+4 Dex+4 Slay+6}
                  | for 773 gold pieces
 25334 | Orc:2    | Bought +0 fire dragon scales for 1020 gold pieces
 25697 | Snake:4  | Entered Level 4 of the Snake Pit
 25821 | Snake:4  | Reached XP level 17. HP: 39/172 MP: 16/16
 26581 | Snake:4  | Reached skill level 1 in Evocations
 26588 | Snake:4  | Noticed Asterion
 26849 | Snake:4  | Received a gift from Trog
 26916 | Snake:4  | Killed Asterion
 27485 | Snake:4  | Received a gift from Trog
 27538 | Snake:4  | Reached skill level 10 in Throwing
 27719 | Snake:4  | Got a serpentine rune of Zot
 28050 | Vaults:1 | Entered Level 1 of the Vaults
 28263 | Vaults:1 | HP: 6/175 [centaur warrior (9)]
 28264 | Vaults:1 | Shot with an arrow by a centaur warrior

Skill      XL: |  1  2  3  4  5  6  7  8  9 10 11 12 13 14 15 16 17 |
---------------+----------------------------------------------------+-----
Maces & Flails | 3 4 5 6 8 9 10 11 13 14 15 16 | 16.3
Dodging        | 3 4 5 6 7 8 9 10 | 10.3
Fighting       | 3 4 5 6 7 8 9 10 11 12 | 12.4
Stealth        | 1 2 |  2.8
Axes           | 3 4 5 6 7 |  7.3
Shields        | 1 3 4 6 7 9 10 11 | 11.3
Throwing       | 2 3 4 5 7 8 10 | 10.2
Armour         | 1 2 3 4 5 |  5.7
Evocations     | 1 |  1.4

Action                   |  1- 3 |  4- 6 |  7- 9 | 10-12 | 13-15 | 16-18 || total
-------------------------+-------+-------+-------+-------+-------+-------++-------
Melee: Mace              |   166 |    58 |       |       |       |       ||   224
       Flail             |       |   138 |   232 |   340 |       |       ||   710
       Hand axe          |       |       |    56 |       |       |       ||    56
       War axe           |       |       |       |     8 |    26 |   115 ||   149
       Eveningstar       |       |       |       |   210 |  1466 |   431 ||  2107
       Broad axe         |       |       |       |       |       |     2 ||     2
Throw: Tomahawk          |       |       |     3 |    11 |       |     5 ||    19
       Large rock        |       |       |       |    25 |   124 |   201 ||   350
       Javelin           |       |       |       |    34 |   151 |    60 ||   245
Invok: Berserk           |       |     4 |     5 |     4 |     3 |       ||    16
       Trog's Hand       |       |     2 |     3 |       |     5 |    12 ||    22
       Brothers in Arms  |       |       |       |       |     5 |     6 ||    11
Evoke: Wand              |       |       |       |     8 |       |    13 ||    21
  Use: Potion            |       |     3 |     2 |       |    11 |    12 ||    28
       Scroll            |       |       |    10 |    10 |    10 |     9 ||    39
 Stab: Sleeping          |       |       |       |     2 |     3 |       ||     5
       Petrified         |       |       |       |       |     2 |       ||     2
       Distracted        |       |       |       |       |     1 |       ||     1
  Eat: Chunk             |    17 |    26 |    37 |    59 |    98 |    37 ||   274
       Ration            |       |       |       |       |       |    10 ||    10
Armor: Animal skin       |     6 |       |       |       |       |       ||     6
       Robe              |    87 |    63 |    63 |    44 |       |       ||   257
       Skin              |       |    15 |    28 |       |       |       ||    43
       Troll leather arm |       |       |       |    86 |   329 |    46 ||   461
       Acid dragon scale |       |       |       |       |    63 |    83 ||   146
       Fire dragon scale |       |       |       |       |       |    11 ||    11
Dodge: Dodged            |   115 |   136 |   188 |   211 |   598 |   223 ||  1471
Block: Shield            |       |       |       |   243 |  1192 |   568 ||  2003
       Reflection        |       |       |       |       |    50 |    98 ||   148
